 Dungeon Crawl Stone Soup version 0.28-a0-998-gb9e9c7b67e (webtiles) character file.

Game seed: 6213777032631034353

56821 siradein the Fighter (level 14, -8/129 HPs)
             Began as a Demonspawn Berserker on Dec 5, 2021.
             Was a High Priest of Trog.
             Mangled by a cane toad (14 damage)
             ... on level 6 of the Lair of Beasts on Dec 6, 2021.
             The game lasted 00:49:34 (21151 turns).

siradein the Fighter (Demonspawn Berserker)        Turns: 21151, Time: 00:49:35

Health: -8/129     AC: 13    Str: 27    XL:     14   Next: 43%
Magic:  0/14       EV: 22    Int:  9    God:    Trog [*****.]
Gold:   1520       SH:  0    Dex: 14    Spells: 13/13 levels left

rFire   . . .      SeeInvis .   V - +8 whip "Snakebite" {venom, curare, rPois}
rCold   . . .      Faith    .   (no shield)
rNeg    . . .      Spirit   +   N - +0 troll leather armour
rPois   +          Reflect  .   l - +0 helmet
rElec   .          Harm     .   A - +0 cloak
rCorr   .          Rampage  .   (gloves unavailable)
Will    +....                   q - +0 pair of boots
Stlth   +.........              r - amulet of guardian spirit
HPRegen 1.11/turn               W - +4 ring of slaying
MPRegen 0.14/turn               e - +6 ring of strength

@: mighty, agile, on berserk cooldown, slowed, very slow
A: thin metallic scales 2, powered by pain 3, robust 1, demonic magic 1, demonic
touch 3
a: Renounce Religion, Berserk, Trog's Hand, Brothers in Arms


You were on level 6 of the Lair of Beasts.
You worshipped Trog.
Trog was extremely pleased with you.
You visited 2 branches of the dungeon, and saw 17 of its levels.
You also visited: Ice Cave.

You collected 1520 gold pieces.

Inventory:

Hand Weapons
 i - a +1 hand axe of freezing
 p - a +5 war axe
 w - the +6 dagger of Hatel {vorpal, *Slow rC+ Str+3 Dex+3}
   (You found it on level 2 of the Lair of Beasts)

   It inflicts extra damage upon your enemies.
   Str:       It affects your strength (+3).
   Dex:       It affects your dexterity (+3).
   rC:        It protects you from cold.
   *Slow:     It may slow you when you take damage.
 D - a +1 hand axe of electrocution
 K - a +1 vampiric hand axe
 S - a +3 spectral executioner's axe
 V - the +8 whip "Snakebite" (weapon) {venom, curare, rPois}
   (You found it on level 2 of the Lair of Beasts)

   It poisons the flesh of those it strikes.
   It occasionally inflicts asphyxiating poison on those it strikes, dealing
   poison damage and causing slowness.
   rPois:     It protects you from poison.
Missiles
 F - a throwing net (quivered)
Armour
 l - a +0 helmet (worn)
 q - a +0 pair of boots (worn)
 A - a +0 cloak (worn)
 N - a +0 troll leather armour (worn)
 R - a +0 buckler of cold resistance
Jewellery
 e - a +6 ring of strength (right hand)
 r - an amulet of guardian spirit (around neck)
 E - a ring of see invisible
 H - a ring of ice
 W - a +4 ring of slaying (left hand)
 Y - a +6 ring of strength
Wands
 c - a wand of charming (13)
 d - a wand of polymorph (5)
 y - a wand of paralysis (15)
 z - a wand of iceblast (7)
 C - a wand of flame (32)
 T - a wand of acid (7)
Scrolls
 a - a scroll of holy word {unknown}
 b - 2 scrolls of fog
 h - 4 scrolls of fear
 m - a scroll of blinking
 n - 3 scrolls of magic mapping
 v - 3 scrolls of teleportation
 x - 2 scrolls of immolation
 X - a scroll of enchant armour {unknown}
Potions
 f - 4 potions of curing
 g - a potion of heal wounds {unknown}
 j - 7 potions of flight
 k - 2 potions of ambrosia
 o - 5 potions of mutation {unknown}
 s - 3 potions of resistance {unknown}
 t - 6 potions of attraction
 u - 4 potions of haste {unknown}
 B - 5 potions of lignification {unknown}
 G - 2 potions of might
 J - 4 potions of degeneration {unknown}
 M - a potion of invisibility {unknown}
 U - 3 potions of cancellation {unknown}


   Skills:
 + Level 13.3 Fighting
 + Level 12.3 Axes
 + Level 12.1 Armour
 + Level 12.1 Dodging


You had 13 spell levels left.
You didn't know any spells.
Your spell library was empty.

Dungeon Overview and Level Annotations

Branches:
Dungeon (11/15)            Temple (0/1) D:5            Lair (6/6) D:9
  Swamp (0/4) Lair:2       Spider (0/4) Lair:4          Orc (0/2) D:11
  IceCv (visited)
  Slime: Lair:5-6

Altars:
Elyvilon
Gozag
Makhleb
Nemelex Xobeh
Qazlal
Sif Muna
Trog
Uskayaw
Vehumet
Yredelemnul
Beogh

Shops:
D:6 =   D:7 :

Annotations:
D:4 2 transporters
D:5 2 transporters, AmazingEquinox's ghost, novice HOFi
D:9 1 runed translucent door
Lair:4 exclusion: oklob plant


Innate Abilities, Weirdness & Mutations

You are mostly covered in thin metallic scales. (AC +3)
You are powered by pain.
You are robust. (+10% HP)
Spells you cast may paralyse adjacent enemies.
Your touch may irresistibly damage your foes and sap their willpower.


Message History

As you read the scroll of teleportation, it crumbles to dust.
You feel strangely unstable.
The guardian serpent coils itself and waves its upper body at you.
The cane toad blinks!
The wolf spider closely misses you. The wolf spider barely misses you.
The wolf spider hits you but does no damage.
The wolf spider bites you but does no damage.
Your surroundings suddenly seem different.
A wolf spider is nearby!
You feel the effects of Trog's Hand fading.
The wolf spider hisses angrily.
You thrash the wolf spider!!
The wolf spider is poisoned.
The wolf spider is heavily wounded.
The wolf spider hits you but does no damage.
The wolf spider barely misses you.
You barely miss the wolf spider.
The wolf spider is heavily wounded.
The wolf spider hits you!
* * * LOW HITPOINT WARNING * * *
You focus on the pain.
You feel your power returning.
The wolf spider bites you but does no damage.
The wolf spider hits you!
* * * LOW HITPOINT WARNING * * *
The wolf spider bites you.
* * * LOW HITPOINT WARNING * * *
You thrash the wolf spider!!
The wolf spider looks as sick as possible!
The wolf spider is almost dead.
Your skin stops crawling.
You feel less strong-willed. The wolf spider closely misses you.
The wolf spider bites you!
* * * LOW HITPOINT WARNING * * *
Unknown command.
You barely miss the wolf spider.
You touch the wolf spider.
You kill the wolf spider!
Trog accepts your kill. The cane toad misses you.
You whack the cane toad!
The cane toad is poisoned.
The cane toad is heavily wounded.
The cane toad stings you!!
You die...

### ### ### #@# ###
###.####.# #####F## ###.#
##...#..####..P..P####...###
.......÷.................#.#
............†.............#
..........................#
....................††...##
.........................#
.......................†.#


You could see a cane toad (very poisoned).

Vanquished Creatures
  Gastronok (D:9)
  Kirke (Lair:5)
  A quicksilver ooze (Lair:5)
  A white draconian (IceCv)
  Snorg (D:11)
  3 hydras
  Josephine (D:11)
  Fannar (D:11)
  A boulder beetle (D:11)
  A two-headed ogre (D:10)
  A tengu warrior (D:9)
  6 death yaks (Lair:5)
  Urug (Lair:6)
  4 bog bodies (Lair:2)
  A lindwurm (Lair:4)
  Pikel (D:7)
  A wolf spider (Lair:6)
  A manticore (D:11)
  3 elephants (Lair:4)
  Joseph (D:10)
  2 ice statues (IceCv)
  11 black mambas
  11 cane toads
  Psyche (D:9)
  8 komodo dragons
  4 kobold demonologists
  7 rime drakes
  A troll (D:10)
  3 hornets
  Prince Ribbit (D:7)
  16 blink frogs
  4 slime creatures (Lair:5)
  14 dream sheep
  A shadow (D:9)
  A redback (Lair:6)
  A hog (Lair:5)
  11 wyverns
  6 wraiths
  30 yaks
  Grum (D:10)
  A basilisk (Lair:5)
  2 steam dragons
  Menkaure (D:7)
  A warg (Lair:6)
  A swamp worm (Lair:2)
  26 water moccasins
  An acid dragon (D:8)
  Duvessa (D:4)
  7 orc warriors
  3 sky beasts
  A black bear (Lair:1)
  4 necrophages
  2 ogres
  24 wolves
  3 centaurs
  5 kobold brigands
  12 bullfrogs
  3 scorpions
  A wyvern zombie (D:9)
  A wyvern skeleton (D:6)
  Dowan (D:4)
  6 killer bees (D:9)
  3 lindwurm simulacra (IceCv)
  13 wights
  2 electric eels
  A bullfrog zombie (D:5)
  5 komodo dragon simulacra (IceCv)
  2 centaur zombies
  4 hounds
  Crazy Yiuf (D:4)
  A centaur skeleton (D:7)
  2 gnoll shamans (D:7)
  7 orc priests
  7 jellies
  3 iguanas
  Ijyb (D:4)
  7 hell rats (Lair:3)
  11 orc wizards
  Robin (D:2)
  14 gnolls
  6 adders
  9 acid dragon simulacra (IceCv)
  4 steam dragon simulacra (IceCv)
  5 worms
  54 orcs
  10 bats
  5 endoplasms
  3 giant cockroaches
  14 goblins
  14 hobgoblins
  11 jackals
  3 quokkas
  4 ball pythons
  4 frilled lizards
  17 kobolds
  9 rats
530 creatures vanquished.

Vanquished Creatures (others)
  A rime drake (IceCv)
  2 humans (Lair:5)
  33 fungi
  70 plants
106 creatures vanquished.

Grand Total: 636 creatures vanquished

Notes
Turn   | Place    | Note
-------+----------+-------------------------------------------
     0 | D:1      | siradein the Demonspawn Berserker began the quest for the
                  | Orb.
     0 | D:1      | Reached XP level 1. HP: 18/18 MP: 1/1
   476 | D:1      | Gained mutation: Your touch may inflict minor irresistible
                  | damage on your foes. [demonic ancestry]
   476 | D:1      | Reached XP level 2. HP: 24/24 MP: 2/2
   774 | D:1      | Reached ** piety under Trog
   884 | D:1      | Gained mutation: You are partially covered in thin metallic
                  | scales. (AC +2) [demonic ancestry]
   884 | D:1      | Reached XP level 3. HP: 21/29 MP: 3/3
  1632 | D:2      | Found a faded altar of an unknown god.
  2045 | D:2      | Noticed Robin
  2062 | D:2      | Gained mutation: Spells you cast may paralyse adjacent
                  | enemies. [demonic ancestry]
  2062 | D:2      | Reached XP level 4. HP: 29/35 MP: 4/4
  2069 | D:2      | Killed Robin
  2580 | D:3      | Reached *** piety under Trog
  3249 | D:3      | Gained mutation: You sometimes gain a little power by
                  | taking damage. [demonic ancestry]
  3249 | D:3      | Reached XP level 5. HP: 42/42 MP: 5/5
  3335 | D:3      | Reached skill level 4 in Fighting
  3583 | D:4      | Found an opulent altar of Gozag.
  3750 | D:4      | Noticed Duvessa
  3750 | D:4      | Noticed Dowan
  3759 | D:4      | Killed Duvessa
  3760 | D:4      | Gained mutation: You sometimes gain power by taking damage.
                  | [demonic ancestry]
  3760 | D:4      | Reached XP level 6. HP: 49/49 MP: 6/6
  3765 | D:4      | Killed Dowan
  4091 | D:4      | Found a transporter.
  4095 | D:4      | Noticed an orc warrior
  4095 | D:4      | Noticed a two-headed ogre
  4097 | D:4      | Found a transporter.
  4098 | D:4      | Noticed a two-headed ogre
  4105 | D:4      | Found a burning altar of Makhleb.
  4105 | D:4      | Found a bloodstained altar of Trog.
  4112 | D:4      | Noticed Ijyb
  4117 | D:4      | Paralysed by Ijyb for 3 turns
  4127 | D:4      | Killed Ijyb
  4486 | D:4      | Found a sparkling altar of Nemelex Xobeh.
  4577 | D:4      | Found a runed translucent door.
  4578 | D:4      | Noticed Crazy Yiuf
  4613 | D:4      | Gained mutation: Your touch may inflict irresistible damage
                  | on your foes. [demonic ancestry]
  4613 | D:4      | Reached XP level 7. HP: 42/55 MP: 7/7
  4930 | D:4      | Found a basalt altar of Yredelemnul.
  5145 | D:5      | Entered Level 5 of the Dungeon
  5304 | D:5      | Reached **** piety under Trog
  5305 | D:5      | Reached skill level 5 in Fighting
  5369 | D:5      | Found a staircase to the Ecumenical Temple.
  5637 | D:5      | Reached skill level 5 in Axes
  5861 | D:5      | Noticed a hornet
  5886 | D:5      | Found a transporter.
  5889 | D:5      | Found a transporter.
  5889 | D:5      | Noticed AmazingEquinox's ghost (novice HOFi)
  6024 | D:5      | Reached XP level 8. HP: 63/63 MP: 8/8
  6061 | D:5      | Found a hide-covered altar of Uskayaw.
  6192 | D:4      | Killed Crazy Yiuf
  6290 | D:6      | Found a stormy altar of Qazlal.
  6398 | D:6      | Reached skill level 6 in Fighting
  6398 | D:6      | Reached skill level 5 in Armour
  6398 | D:6      | Reached skill level 5 in Dodging
  6651 | D:6      | Found Livier's Jewellery Boutique.
  7423 | D:7      | Gained mutation: You are robust. (+10% HP) [demonic
                  | ancestry]
  7423 | D:7      | Reached XP level 9. HP: 65/78 MP: 9/9
  7802 | D:7      | Noticed Prince Ribbit
  7824 | D:7      | Killed Prince Ribbit
  7910 | D:7      | Reached skill level 7 in Fighting
  7982 | D:7      | Reached ***** piety under Trog
  8359 | D:7      | Noticed Pikel
  8366 | D:7      | Killed Pikel
  8536 | D:7      | Found Ogakojo's Book Shop.
  8948 | D:7      | Noticed Menkaure
  8954 | D:7      | Killed Menkaure
  8955 | D:7      | Gained mutation: You are powered by pain. [demonic
                  | ancestry]
  8955 | D:7      | Reached XP level 10. HP: 88/88 MP: 8/10
  9488 | D:8      | Reached skill level 8 in Fighting
 10064 | D:8      | Identified the +1 robe of Werha {rF+ Will- rCorr Int+8}
 10090 | D:8      | Found a shimmering blue altar of Sif Muna.
 11575 | D:9      | Found a runed translucent door.
 11575 | D:9      | Noticed a catoblepas
 11576 | D:9      | Noticed a tengu warrior
 11588 | D:9      | Killed a tengu warrior
 11589 | D:9      | Reached skill level 9 in Fighting
 11717 | D:9      | Gained mutation: Your touch may irresistibly damage your
                  | foes and sap their willpower. [demonic ancestry]
 11717 | D:9      | Reached XP level 11. HP: 73/97 MP: 11/11
 11836 | D:9      | Noticed Gastronok
 11852 | D:9      | Killed Gastronok
 12136 | D:9      | Found a staircase to the Lair.
 12190 | D:10     | Entered Level 10 of the Dungeon
 12340 | D:10     | Noticed a two-headed ogre
 12347 | D:10     | Killed a two-headed ogre
 12452 | D:10     | Noticed Joseph
 12469 | D:10     | Killed Joseph
 12565 | D:10     | Noticed Grum
 12577 | D:10     | Killed Grum
 12612 | D:10     | Noticed Psyche
 12663 | D:9      | Killed Psyche
 12671 | D:9      | Received a gift from Trog
 12895 | D:10     | You fall into a shaft and drop 1 floor!
 12895 | D:11     | Found a staircase to the Orcish Mines.
 12931 | D:11     | Reached skill level 10 in Fighting
 13068 | D:10     | Identified the +1 leather armour of Depression {rElec
                  | rPois}
 13212 | D:11     | Noticed a soul eater
 13419 | D:11     | Noticed Josephine
 13436 | D:11     | Killed Josephine
 13527 | D:11     | Noticed a boulder beetle
 13544 | D:11     | Killed a boulder beetle
 13545 | D:11     | Reached XP level 12. HP: 92/107 MP: 12/12
 13753 | D:11     | Noticed Snorg
 13771 | D:11     | Killed Snorg
 13917 | D:11     | Noticed Fannar
 13956 | D:11     | Killed Fannar
 14097 | Lair:1   | Entered Level 1 of the Lair of Beasts
 14209 | Lair:1   | Upgraded the game from 0.28-a0-991-g956f0ee3d5 to
                  | 0.28-a0-998-gb9e9c7b67e
 14799 | Lair:1   | Noticed a seven-headed hydra
 14810 | Lair:1   | Killed a seven-headed hydra
 14924 | Lair:1   | Reached skill level 10 in Axes
 15462 | Lair:2   | Reached skill level 11 in Fighting
 15528 | Lair:2   | Found the +8 whip "Snakebite" {venom, curare, rPois}
 15634 | Lair:2   | Identified the +6 dagger of Hatel {vorpal, *Slow rC+ Str+3
                  | Dex+3}
 15684 | Lair:2   | Reached skill level 10 in Dodging
 15722 | Lair:2   | Reached skill level 10 in Armour
 15885 | Lair:2   | Identified the +1 chain mail "Goemm" {Dex+3}
 15991 | Lair:2   | Noticed a four-headed hydra
 16000 | Lair:2   | Killed a four-headed hydra
 16180 | Lair:2   | Found a staircase to the Swamp.
 16310 | Lair:2   | Gained mutation: You are mostly covered in thin metallic
                  | scales. (AC +3) [demonic ancestry]
 16310 | Lair:2   | Reached XP level 13. HP: 104/116 MP: 9/13
 16672 | Lair:3   | Found a radiant altar of Vehumet.
 16694 | Lair:3   | Found a frozen archway.
 16701 | IceCv    | Entered an ice cave
 16709 | IceCv    | Received a gift from Trog
 17091 | IceCv    | Noticed a white draconian
 17112 | IceCv    | Killed a white draconian
 17352 | Lair:3   | Reached skill level 12 in Fighting
 17742 | Lair:3   | You fall into a shaft and drop 3 floors!
 17742 | Lair:6   | Entered Level 6 of the Lair of Beasts
 17742 | Lair:6   | Noticed Urug
 17761 | Lair:6   | Killed Urug
 18752 | Lair:4   | Found a hole to the Spider Nest.
 19190 | Lair:5   | Found a shimmering blue altar of Sif Muna.
 19503 | Lair:5   | Noticed Kirke
 19515 | Lair:5   | Noticed a sphinx
 19517 | Lair:5   | Killed Kirke
 19517 | Lair:5   | Received a gift from Trog
 19657 | Lair:5   | Noticed a quicksilver ooze
 19680 | Lair:5   | Killed a quicksilver ooze
 19954 | Lair:5   | Reached XP level 14. HP: 106/127 MP: 10/14
 20334 | Lair:5   | Reached skill level 13 in Fighting
 20944 | Lair:6   | Reached ****** piety under Trog
 21137 | Lair:6   | HP: 2/129 [guardian serpent (16)]
 21149 | Lair:6   | HP: 4/129 [wolf spider (4)]
 21151 | Lair:6   | Mangled by a cane toad

Illustrated notes

Levels and vault maps discovered:
D:1:      erik_arrival_cave_to_civilisation [erik_arrival_cave_to_hall],
          layout_loops_ring, serial_park_tiny_2
D:2:      layout_loops_corners, hellmonk_ecumenical_altar_crossroads,
          minmay_statues_item, uniq_robin
D:3:      layout_loops_cross, eino_tiny_chamber, minmay_cut_off
D:4:      layout_loops_ring, gammafunk_temple_overflow_arena,
          mainiacjoe_overflow_alcove_4, mainiacjoe_overflow_swirl,
          corexii_shack, uniq_crazy_yiuf_cottage, uniq_duvessa, uniq_ijyb
D:5:      layout_basic, kennysheep_little_box, minmay_temple_entry_antechambers,
          gammafunk_ghost_hive, kennysheep_generic_room_7
D:6:      layout_basic, mainiacjoe_overflow_cross_hatched, grunt_ministairs_6,
          corexii_hall_statues_x, minmay_misc_feat_doors,
          minmay_shop_enchanted_jewellery
D:7:      layout_loops_ring, serial_shops, shop, nicolae_benzene_ring,
          uniq_prince_ribbit1, uniq_menkaure, uniq_pikel
D:8:      layout_gridville, mainiacjoe_overflow_six_doors_small,
          serial_bayou_ford_a
D:9:      layout_basic, lair_entry_dummy, minivault_13, uniq_gastronok
D:10:     layout_rooms, uniq_joseph, uniq_psyche, uniq_grum
D:11:     layout_loops_cross, david_orc_5, uniq_fannar, uniq_josephine,
          uniq_snorg
Lair:1:   layout_cave_shapes
Lair:2:   minmay_guarded_unrand_snakebite, layout_long_grid,
          nicolae_swamp_entry_splash_gauntlet, grunt_megastairs_1
Lair:3:   layout_roguey, portal_ice_cave_entry_pillars_2, basic_altar,
          chequers_serial_rivers_room_b, grunt_megastairs_5
Lair:4:   layout_regular_city, spider_nest_entry_web_field, lemuel_oklob_altar,
          infiniplex_staircase_pool
Lair:5:   layout_loops_ring, basic_altar, nicolae_lair_time_for_slime,
          lemuel_fruit_tree, grunt_megastairs_3, uniq_kirke
Lair:6:   hangedman_lair_tendril_chambers, layout_regular_city,
          hangedman_lair_caniforms_friends, dpeg_slime_entry_enclosed_altar,
          uniq_urug

Skill      XL: |  1  2  3  4  5  6  7  8  9 10 11 12 13 14 |
---------------+-------------------------------------------+-----
Armour         | 2 3 4 5 6 8 9 10 11 12 | 12.1
Dodging        | 2 3 4 5 6 8 9 10 11 12 | 12.1
Axes           | 3 4 5 6 7 8 9 10 11 12 | 12.3
Fighting       | 4 5 6 7 9 10 11 12 13 | 13.3

Action                   |  1- 3 |  4- 6 |  7- 9 | 10-12 | 13-15 || total
-------------------------+-------+-------+-------+-------+-------++-------
Melee: Hand axe          |   129 |   161 |   287 |   460 |       ||  1037
       Touch             |    19 |    30 |    47 |   140 |    28 ||   264
       Battleaxe         |       |       |    33 |   111 |       ||   144
       War axe           |       |       |       |    70 |    94 ||   164
       Unarmed           |       |       |       |     5 |       ||     5
       Whip              |       |       |       |   108 |   616 ||   724
       Morningstar       |       |       |       |     5 |       ||     5
       Executioner's axe |       |       |       |       |     9 ||     9
Invok: Berserk           |       |     4 |     5 |    14 |     3 ||    26
       Trog's Hand       |       |       |       |     1 |     3 ||     4
  Use: Scroll            |       |       |     5 |     2 |    13 ||    20
       Potion            |       |       |       |       |     1 ||     1
 Stab: Sleeping          |     3 |       |       |       |       ||     3
Armor: Animal skin       |    26 |       |       |       |       ||    26
       Chain mail        |    15 |    63 |    98 |       |       ||   176
       Plate armour      |       |       |    69 |   134 |       ||   203
       Troll leather arm |       |       |       |   162 |   215 ||   377
       Leather armour    |       |       |       |    44 |       ||    44
Dodge: Dodged            |    98 |    66 |   167 |   641 |   574 ||  1546
Block: Buckler           |       |       |       |       |    84 ||    84

Table legend: (Time is in decaauts)
 A = Elapsed time spent in this place.
 B = Non-inter-level travel time spent in this place.
 C = Inter-level travel time spent in this place.
 D = Time resting spent in this place.
 E = Time spent auto-exploring this place.
 F = Levels seen in this place.
 G = Mean time per level.
                   A        B        C        D        E       F      G
               +--------+--------+--------+--------+--------+-----+--------+
         Total |  21399 |  20588 |    811 |   1265 |  15092 |  18 | 1188.8 |
       Dungeon |  14702 |  13992 |    710 |    936 |  10492 |  11 | 1336.5 |
          Lair |   6058 |   5957 |    101 |    236 |   4278 |   6 | 1009.7 |
      Ice Cave |    639 |    639 |      0 |     92 |    321 |   1 |  639.0 |
               +--------+--------+--------+--------+--------+-----+--------+

Top non-repeatable levels by time:
     D:8: 2239 daAuts
     D:7: 1936 daAuts
     D:4: 1724 daAuts
     D:1: 1366 daAuts
  Lair:2: 1267 daAuts
  Lair:5: 1235 daAuts
     D:2: 1210 daAuts
     D:6: 1154 daAuts
     D:9: 1125 daAuts
     D:5: 1027 daAuts
     D:3: 1020 daAuts
    D:11: 1015 daAuts
  Lair:1: 993 daAuts
  Lair:4: 924 daAuts
    D:10: 882 daAuts
